[Event "*** MasterClass Titled Tuesday Blitz"]
[Site "Chess.com"]
[Date "2017.07.04"]
[Round "10"]
[White "Muisback26"]
[Black "JeffReinberg"]
[Result "1-0"]
[WhiteElo "2614"]
[BlackElo "2579"]
[TimeControl "180+2"]
[EndTime "15:20:49 PDT"]
[Termination "Muisback26 won by resignation"]

1. e4 c5 2. Nf3 g6 3. d4 cxd4 4.
Nxd4 Nf6 5. Nc3 d6 6. f3 Bg7 7. Be3 O-O 8. Qd2 Nc6 9. Bc4 Nd7 10. O-O-O Nb6 11. Be2 Ne5 12. b3 Bd7 13. h4 Rc8 14. h5 Re8 15. hxg6 hxg6 16. Bh6 Bf6 17. Bg5 Bg7 18.
Bh6 Bf6 19. Rh2 Nc6 20. Be3 Nb4 21. Kb2 Qc7 22. Rdh1 a6 23. a3 Qxc3+ 24. Qxc3 Rxc3 25. Kxc3 N4d5+ 26. exd5 Nxd5+ 27. Kd2 Nxe3 28. Kxe3 e5 29. f4 exd4+ 30. Kd2 Bc6 31. Rf1 Be4 32. g4 Rc8 33. Bd3 d5 34. g5 Be7 35. Re2 Bxa3 36. Bxe4 dxe4 37. Rxe4 Bb4+ 38. Kd3 Bc5 39. Rfe1 Kg7 40. Re8 Rc7 41. Rd8 Be7 42. Rxd4 f5 43. c4 Bb4 44. Re6 a5 45. Rd5 Kf7 46. Rf6+ Kg7 47. Re6 Kf7 48. Re2 Kg7 49. Kd4 Kf7 50. c5 Kg7 51.
Re8 Kf7 52. Red8 Ke7 53. Rh8 Rc6 54. Rh7+ Ke8 55. Rxb7 Ba3 56. Re5+ Kd8 57. Kc4 Rc8 58. Rg7 Bb2 59. Rg8+ Kd7 60. Rd5+ Kc7 61. Rxc8+ Kxc8 62. Rd6 1-0

[Event "*** MasterClass Titled Tuesday Blitz"]
[Site "Chess.com"]
[Date "2017.07.04"]
[Round "10"]
[White "Msb2"]
[Black "MITerryble"]
[Result "1/2-1/2"]
[WhiteElo "2562"]
[BlackElo "2653"]
[TimeControl "180+2"]
[EndTime "15:21:38 PDT"]
[Termination "Game drawn by repetition"]

1. d4 e6 2. c4 Bb4+ 3. Nd2 Nf6 4. Nf3 O-O 5. a3 Be7 6. e4 d6 7. Be2 Nbd7 8. Qc2 e5 9. Nb1 c6 10. Nc3 Re8 11. O-O Bf8 12. Bg5 Qc7 13. Rad1 a5 14. Rfe1 exd4 15. Nxd4 g6 16. Bf1 Bg7 17. Qc1 Nc5 18. f3 a4 19. Bh6 Bh8 20. Qf4 Nh5 21. Qh4 Qb6 22. Qf2 Bd7 23. g4 Bg7 24. Be3 Nf6 25.
Bf4 Bf8 26. Kh1 h6 27. Qd2 Kh7 28. Nde2 Nb3 29. Qc2 Be6 30. Ng3 Rad8 31. g5 hxg5 32. Bxg5 Be7 33. h4 Kg7 34. Qg2 Rh8 35. Nf5+ Bxf5 36.
exf5 Rde8 37. fxg6 fxg6 38. Bd3 Nc5 39. Rxe7+ Rxe7 40.
Bxf6+ Kf8 41. Bxe7+ Kxe7 42. Qg5+ Kd7 43. Bf5+ Kc7 44.
Qe7+ Kb8 45. Qxd6+ Ka7 46. Bh3 Rxh4 47. Qg3 Rxc4 48. Qf2 Qb3 49. Bf1 Rxc3 50. bxc3 Qxd1 51. Qxc5+ Kb8 52. Kg2 Qd2+ 53. Kg1 g5 54. Qd4 Qc1 55. Qd8+ Ka7 56. Qa5+ Kb8 57. Qxa4 Qxc3 58. Qb4 Qxf3 59.
Qd6+ Ka7 60. Qc5+ Ka8 61. Bg2 Qg3 62. a4 Qe1+ 63. Kh2 Qh4+ 64. Kg1 Qxa4 65. Qxg5 Qa1+ 66. Kh2 Qh8+ 67. Kg1 Qd4+ 68. Kf1 Qa1+ 69. Kf2 Qb2+ 70. Kf1 Qa1+ 71. Kf2 Qb2+ 72. Kf1 Qa1+ 73. Kf2 Qb2+ 74. Kf1 Qa1+ 75. Kf2 Qb2+ 76. Kf1 Qc3 77. Qg8+ Ka7 78. Qa2+ Kb6 79. Ke2 Qe5+ 80. Kd1 Qd6+ 81. Qd2 Qc5 82. Bf3 Qg1+ 83. Kc2 Qc5+ 84. Qc3 Qf2+ 85. Kb3 Kc7 86. Qe5+ Kb6 87. Qc3 Qg1 88. Qb4+ Ka7 89. Qa5+ Kb8 90. Qd8+ Ka7 91. Qa5+ Kb8 92. Qd8+ Ka7 93. Qa5+ Kb8 94.
Qd8+ Ka7 95. Qa5+ Kb8 96. Qd8+ Ka7 97. Qa5+ 1/2-1/2

[Event "*** MasterClass Titled Tuesday Blitz"]
[Site "Chess.com"]
[Date "2017.07.04"]
[Round "10"]
[White "AkshatChandra"]
[Black "FairChess_on_YouTube"]
[Result "1/2-1/2"]
[WhiteElo "2678"]
[BlackElo "2722"]
[TimeControl "180+2"]
[EndTime "15:22:01 PDT"]
[Termination "Game drawn - insufficient material"]

1. d4 d5 2. c4 c6 3. cxd5 cxd5 4. Bf4 Nf6 5. Nc3 Nc6 6. e3 a6 7. Bd3 Bg4 8. Nge2 e6 9. O-O Be7 10. Rc1 O-O 11. Na4 Nd7 12. Bg3 Rc8 13. a3 b5 14.
Nc5 Nxc5 15. dxc5 Bf6 16. f3 Bh5 17. Nf4 Bg6 18. Nxg6 hxg6 19. Qd2 Na5 20. Rc2 Nc4 21. Qc1 Rxc5 22. b3 Ne5 23. Bxg6 Rxc2 24. Bxc2 Qb6 25.
Bf2 Rc8 26. Bh7+ Kxh7 27. Qxc8 Qa5 28. Qc2+ g6 29. Be1 Qxa3 30. Bc3 Qc5 31. Qd2 Kg7 32.
Bd4 Qa3 33. Qc3 Nd7 34. Bxf6+ Nxf6 35. g4 g5 36. h4 Kg6 37. h5+ Kg7 38. f4 Qd6 39. h6+ Kg6 40. f5+ exf5 41. Rxf5 Qg3+ 42. Kf1 Qh3+ 43. Ke1 Qh1+ 44. Rf1 Qh4+ 45. Ke2 Qxg4+ 46. Ke1 Qh4+ 47. Ke2 g4 48. h7 Nxh7 49. Qd3+ Kg7 50. Qxd5 Nf6 51. Qe5 g3 52. Rf5 Kg6 53. Rf4 Qh5+ 54.
Qxh5+ Nxh5 55. Rg4+ Kf5 56. Kf3 a5 57. e4+ Ke6 58. Rg5 g2 59. Kxg2 Nf6 60. Rxb5 Nxe4 61. Rxa5 f5 62. b4 Nc3 63. Kf3 Nd5 64. b5 Kd6 65. b6 Nxb6 66. Rxf5 Nd5 67. Ke4 Ne7 68. Rh5 Nc6 69. Rd5+ Ke6 70. Rd1 Ne7 71. Ra1 Kd6 72. Ra6+ Nc6 73. Kd3 Kd5 74. Ra8 Ne5+ 75. Kc3 Nc6 76. Rh8 Ne5 77. Rh5 Ke4 78. Kb4 Kd4 79.
Rh4+ Kd5 80. Kc3 Nc6 81. Rh5+ Kd6 82. Kc4 Ne5+ 83. Kd4 Nc6+ 84. Ke4 Ne7 85. Ra5 Nc6 86. Rb5 Ne7 87. Rb6+ Nc6 88. Rb5 Ne7 89. Kd4 Nc6+ 90. Kd3 Ne5+ 91. Ke4 Nc6 92. Rb6 Kc5 93. Rxc6+ Kxc6 1/2-1/2